 Dungeon Crawl Stone Soup version 0.19.1-1-g22dce08 (webtiles) character file.

182 galech the Ducker (level 5, 0/53 HPs)
             Began as a Troll Fighter on Jan 5, 2017.
             Slain by an adder (2 damage)
             ... on level 3 of the Dungeon.
             The game lasted 00:04:34 (1807 turns).

galech the Ducker (Troll Fighter)                   Turns: 1807, Time: 00:04:34

Health: 0/53       AC:  6    Str: 25    XL:     5   Next: 34%
Magic:  4/4        EV:  1    Int:  4    God:
Gold:   151        SH:  0    Dex: -35 (9) Spells: 0 memorised, 4 levels left

rFire  . . .     SeeInvis .     a - +0 flail
rCold  . . .     Gourm    +     b - +0 robe
rNeg   . . .     Faith    .     c - +0 shield
rPois  .         Spirit   .     (helmet restricted)
rElec  .         Reflect  .     n - +0 cloak
rCorr  .         Harm     .     (gloves unavailable)
MR     .....                    (boots unavailable)
Stlth  ..........               j - amulet of regeneration
                                (no ring)
                                p - ring of flight

@: lethally poisoned (0 -> 0), slowed, lost dexterity, very slow
A: unfitting armour, claws 3, fast metabolism 3, gourmand, regeneration 1,
shaggy fur 1, tough skin 2
a: Evoke Flight


You were on level 3 of the Dungeon.
You were full.

You visited 1 branch of the dungeon, and saw 3 of its levels.

You collected 151 gold pieces.

Inventory:

Hand Weapons
 a - a +0 flail (weapon)
Armour
 b - a +0 robe (worn)
 c - a +0 shield (worn)
 n - a +0 cloak (worn)
Jewellery
 j - an amulet of regeneration (around neck)
 o - an uncursed ring of fire {unknown}
 p - a ring of flight (left claw)
Scrolls
 e - 5 scrolls of identify {unknown}
 g - a scroll of remove curse {unknown}
 k - 2 scrolls of teleportation {unknown}
 l - a scroll of enchant armour {unknown}
 m - a scroll of noise {unknown}
 u - 2 scrolls of enchant weapon {unknown}
Potions
 d - a potion of might
 i - a potion of flight {unknown}
 q - a potion of heal wounds {unknown}
 s - a potion of cure mutation {unknown}
 t - a potion of brilliance {unknown}
 v - a potion of cancellation {unknown}
 w - a potion of curing {unknown}
Comestibles
 f - 4 bread rations
 h - a royal jelly
 r - a beef jerky
 x - 3 meat rations


   Skills:
 + Level 3.2 Fighting
 + Level 3.1 Maces & Flails
 + Level 3.5 Dodging
 - Level 2.7 Shields


You had 4 spell levels left.
You didn't know any spells.

Dungeon Overview and Level Annotations

Branches:
Dungeon (3/15)

Altars:
Nemelex Xobeh


Innate Abilities, Weirdness & Mutations

You are too large for most types of armour.
You have claws for hands.
Your metabolism is lightning-fast.
You like to eat raw meat.
Your natural rate of healing is unusually fast.
You are covered in fur. (AC +1)
You have very tough skin. (AC +2)


Message History

The adder bites you but does no damage. The adder bites you.
* * * LOW HITPOINT WARNING * * *
You feel very sick. The adder bites you but does no damage.
You feel sick. The adder bites you.
* * * LOW HITPOINT WARNING * * *
You feel sick. The adder bites you but does no damage.
You see here 13 gold pieces.
You feel sick.
The rat twitches its whiskers.
The adder bites you but does no damage.
Found a meat ration.
You see here a scroll labeled XEMEQYTIWO.
You feel sick. The adder bites you but does no damage.
You feel sick. The adder bites you but does no damage.
You feel sick. The adder bites you but does no damage.
You feel sick. The adder bites you.
* * * LOW HITPOINT WARNING * * *
The adder bites you.
You die...

######## ..##..
#.##.#
#.##%#######
#.rS........
#?##@#######
#$##.#
##.######.##.#
..........##.#
##.####.#.##.#
# ##....##.#
###.##.....##.#
...#.......#.#
##....)......#


You could see an adder and a rat.

Vanquished Creatures
  A centaur zombie (D:3)
  A quasit (D:2)
  A hound zombie (D:3)
  A hound skeleton (D:3)
  An adder (D:2)
  An adder zombie (D:3)
  4 adder skeletons (D:3)
  2 worms
  2 dart slugs (D:2)
  2 ball pythons
  8 bats
  A giant cockroach (D:3)
  5 goblins
  6 hobgoblins
  10 jackals
  2 ball python skeletons (D:3)
  2 frilled lizards
  2 kobolds
  A leopard gecko skeleton (D:3)
  4 rats (D:1)
57 creatures vanquished.

Notes
Turn   | Place    | Note
-------+----------+-------------------------------------------
     0 | D:1      | galech the Troll Fighter began the quest for the Orb.
     0 | D:1      | Reached XP level 1. HP: 22/22 MP: 0/0
   426 | D:1      | Reached XP level 2. HP: 27/29 MP: 1/1
   737 | D:1      | Found a sparkling altar of Nemelex Xobeh.
   990 | D:2      | Reached XP level 3. HP: 36/36 MP: 2/2
  1406 | D:3      | Reached XP level 4. HP: 27/45 MP: 3/3
  1467 | D:3      | Lost dexterity.
  1639 | D:3      | Reached XP level 5. HP: 45/53 MP: 4/4
  1807 | D:3      | HP: 2/53 [adder (3)]
  1807 | D:3      | Slain by an adder

Skill      XL: |  1  2  3  4  5 |
---------------+----------------+-----
Maces & Flails | 2 3 |  3.1
Dodging        | 3 |  3.5
Fighting       | 3 |  3.2
Shields        | |  2.7

Action                   |  1- 3 |  4- 6 || total
-------------------------+-------+-------++-------
Melee: Flail             |   152 |   167 ||   319
 Stab: Sleeping          |     1 |       ||     1
  Eat: Chunk             |    19 |     3 ||    22
Armor: Robe              |    91 |   562 ||   653
Dodge: Dodged            |    61 |    73 ||   134
Block: Shield            |    94 |    37 ||   131
